AoeStats
← Ben

Arabia

504289742Analyzed
1v1 RM · 27d ago on Sep 4, 2026· 25m 38s· 2 players
Game mode
Random Map
Map size
Tiny (2 player)
Population
200
Speed
Normal
Resources
Standard
Victory
Conquest
Starting age
Dark Age
Ending age
Imperial Age
RankedLock teamsTeams togetherTeam positionsShared explorationLock speedFull tech treeHidden civsTurbo modeCheats
Victory
Defeat
🇦🇷 Persians · Argentina
949
+16
🇬🇧 Huns · United Kingdom
952
-46
joaco.modon
7:02 Loom
9:19 Feudal Age
10:34 Double-Bit Axe
12:24 Horse Collar
19:49 Castle Age
19:57 Bloodlines
20:43 Fletching
20:54 Padded Archer Armor
21:50 Bow Saw
21:33 Gold Mining
21:42 Bodkin Arrow
24:21 Husbandry
25:01 Ballistics
Ben
11:49 Feudal Age
12:17 Town Watch
13:47 Horse Collar
17:49 Double-Bit Axe
21:28 Gold Mining
22:54 Wheelbarrow
Connection lost

Rejoining the realm…

Still unreachable

The connection could not be restored.

Session expired

The server has moved on; the page needs a fresh start.